 Dungeon Crawl Stone Soup version 0.20.1-1-g8b1a95d (webtiles) character file.

14086 Inchmeat the Impaler (level 12, -8/103 HPs)
             Began as a Merfolk Gladiator on Dec 27, 2017.
             Was a Priest of Makhleb.
             Mangled by a warg (9 damage)
             ... on level 2 of the Orcish Mines.
             The game lasted 00:32:29 (14997 turns).

Inchmeat the Impaler (Merfolk Gladiator)           Turns: 14997, Time: 00:32:30

Health: -8/103     AC: 18    Str: 24    XL:     12   Next: 12%
Magic:  0/18       EV: 19    Int:  7    God:    Makhleb [***...]
Gold:   56         SH:  0    Dex: 25    Spells: 8/11 levels left

rFire    + . .     SeeInvis .   a - +1 trident
rCold    . . .     Gourm    .   (no shield)
rNeg     . . .     Faith    .   v - +1 chain mail
rPois    +         Spirit   +   j - +1 helmet
rElec    .         Reflect  .   S - +2 cloak {+Inv}
rCorr    .         Harm     .   T - +2 pair of gloves {Dex+3}
MR       .....                  k - +0 pair of boots
Stlth    ..........             m - amulet of guardian spirit
Regen    0.3/turn               r - +6 ring of strength
MPRegen  0.2/turn               Q - ring of Nameubot {rPois rF+}

@: agile
A: change form in water, swift swim, stealthy swim
a: Minor Destruction, Lesser Servant of Makhleb, Renounce Religion, Evoke
Invisibility


You were on level 2 of the Orcish Mines.
You worshipped Makhleb.
Makhleb was most pleased with you.
You were not hungry.

You visited 3 branches of the dungeon, and saw 16 of its levels.

You collected 524 gold pieces.
You spent 468 gold pieces at shops.

Inventory:

Hand Weapons
 a - a +1 trident (weapon)
Missiles
 L - 71 arrows
 M - 5 steel tomahawks (quivered)
Armour
 j - a +1 helmet (worn)
 k - a +0 pair of boots (worn)
 v - a +1 chain mail (worn)
 S - a +2 cloak of invisibility (worn)
 T - a +2 pair of gloves of dexterity (worn)
Jewellery
 m - an amulet of guardian spirit (around neck)
 r - a +6 ring of strength (left hand)
 y - an uncursed ring of magical power
 E - an uncursed ring of fire
 Q - the ring of Nameubot (right hand) {rPois rF+}
   (You found it on level 10 of the Dungeon)

   [ring of poison resistance]

   It protects you from fire.
   It protects you from poison.
Wands
 D - a wand of disintegration (5/24)
 G - a wand of iceblast (3/15)
 J - a wand of digging (24/24)
 R - a wand of lightning (2/15)
Scrolls
 b - a scroll of identify {@r1}
 d - a scroll of fog {unknown}
 e - 4 scrolls of immolation
 s - 5 scrolls of remove curse {@r2}
 x - 2 scrolls of magic mapping
 H - a scroll of recharging
Potions
 n - a potion of mutation {unknown}
 o - a potion of agility
 u - 2 potions of ambrosia {unknown}
 w - 5 potions of lignification
 A - 3 potions of heal wounds {unknown}
 Y - 2 potions of flight {unknown}
Comestibles
 f - 11 bread rations
 g - 6 royal jellies
 N - 3 meat rations
 P - 4 fruits


   Skills:
 - Level 12.8 Fighting
 - Level 15.3 Polearms
 - Level 2.0 Throwing
 * Level 7.5 Dodging
   Level 6.6 Transmutations
 * Level 8.5 Invocations


You had 8 spell levels left.
You knew the following spells:

 Your Spells              Type           Power        Failure   Level  Hunger
b - Spectral Weapon       Hex/Chrm       #.......     100%        3    ####...


Dungeon Overview and Level Annotations

Branches:
Dungeon (13/15)            Temple (1/1) D:6            Lair (0/6) D:10
    Orc (2/2) D:9
    Elf: Orc:2       Vaults: D:13-14

Altars:
Ashenzari
Cheibriados
Dithmenos
Elyvilon
Fedhas
Gozag
Hepliaklqana
Kikubaaqudgha
Makhleb
Nemelex Xobeh
Okawaru
Qazlal
Ru
Sif Muna
Trog
Uskayaw
Vehumet
Xom
Yredelemnul
Zin
The Shining One
Beogh

Shops:
D:11 [=(*

Annotations:
D:10 exclusion: obsidian statue
Orc:1 Erolcha


Message History

Ye slide downwards.
Tha hatch slams shut behind ye.
Yer summon'd 'lly be left behind.
Ye hear a distant snort.
Hark!
Thar be an entrance ta a minotaur's labyrinth on 'tis level.
Find tha entrance quickly 'fore tha gate be sealed!
A warg an' 2 orc warriors come inta view.
Tha warg howls!
Tha orc warrior shouts! x2
Found 30 gold pieces.
Unknown command.
A demon appears!
Tha warg closely misses ye.
Tha warg misses ye.
Unknown command.
Ye closely miss tha warg.
Tha warg misses ye.
Ye closely miss tha warg.
Yer ynoxinul gestures at tha warg.
Tha iron shot misses tha warg.
Tha iron shot hits ye!
* * * LOW HITPOINT WARNIN'
* * * Ye barely miss tha warg.
Tha warg bites ye but does nay damage.
Ye puncture tha warg!
Tha warg be moderately wounded.
Tha warg bites ye!
Ye die...

... ... ....
..... #.....
#......
####.......
##.#.o..#
#@h3#.......
##......#...
#.........#
##..#.##.#
....#.. .$
...#.... .
#.###....
### ##.#


You could see a warg, an orc warrior and a friendly ynoxinul.

Vanquished Creatures
  A two-headed ogre (D:11)
  An ugly thing (D:12)
  A cyclops (D:12)
  A manticore (D:11)
  Maurice (D:13)
  An eye of devastation (shapeshifter) (D:13)
  3 kobold demonologists
  A komodo dragon (D:10)
  2 trolls
  Grinder (D:3)
  The ghost of clownbabyjr the Skirmisher, an amateur DsFi (D:4)
  A hornet (D:13)
  A hippogriff (D:9)
  A spriggan (D:7)
  A wraith (D:10)
  3 wyverns
  9 yaks (D:10)
  2 hungry ghosts
  A warg (Orc:1)
  3 water moccasins
  A soldier ant (D:13)
  Duvessa (D:6)
  3 ice beasts
  A black bear (D:7)
  6 ogres
  4 sky beasts
  9 orc warriors
  5 phantoms
  The ghost of krixvar the Sneak, an amateur DsAs (D:3)
  4 centaurs
  3 big kobolds
  9 bullfrogs
  Dowan (D:6)
  3 scorpions
  7 killer bees
  A vampire bat (D:3)
  6 howler monkeys
  4 crimson imps
  A quasit (D:10)
  A centaur zombie (D:8)
  2 jellies
  2 bullfrog zombies
  10 hounds
  6 orc priests
  A bullfrog skeleton (D:11)
  2 iguanas
  A centaur skeleton (D:4)
  Terence (D:3)
  16 orc wizards
  11 worker ants
  2 hound zombies
  2 worker ant zombies
  4 gnolls (Orc:1)
  6 adders
  5 shadow imps
  An ooze (D:5)
  A worm (D:3)
  2 dart slugs
  4 leopard geckos
  50 orcs
  A ball python (D:1)
  3 bat skeletons (D:3)
  3 bat zombies (D:3)
  2 giant cockroaches
  8 goblins
  3 hobgoblins
  2 jackals (D:6)
  15 kobolds
  5 quokkas
  2 bats (D:1)
  4 frilled lizards
  2 quokka skeletons
  3 rats
289 creatures vanquished.

Vanquished Creatures (collateral kills)
  A warg (Orc:1)
  2 orc warriors (Orc:1)
  4 orcs (Orc:1)
7 creatures vanquished.

Vanquished Creatures (others)
  An orc wizard (D:6)
  10 plants
11 creatures vanquished.

Grand Total: 307 creatures vanquished

Notes
Turn   | Place    | Note
-------+----------+-------------------------------------------
     0 | D:1      | Inchmeat the Merfolk Gladiator began the quest for the Orb.
     0 | D:1      | Reached XP level 1. HP: 16/16 MP: 1/1
   196 | D:1      | Reached skill level 5 in Polearms
   252 | D:1      | Reached XP level 2. HP: 22/22 MP: 2/2
   833 | D:2      | Reached skill level 6 in Polearms
   833 | D:2      | Reached XP level 3. HP: 16/27 MP: 1/3
  1668 | D:3      | Noticed Terence
  1675 | D:3      | Killed Terence
  1675 | D:3      | Reached XP level 4. HP: 27/33 MP: 2/4
  1800 | D:3      | Noticed krixvar's ghost (amateur DsAs)
  1831 | D:3      | Killed krixvar's ghost
  1831 | D:3      | Reached skill level 8 in Polearms
  1831 | D:3      | Reached XP level 5. HP: 29/38 MP: 3/5
  2107 | D:3      | Noticed Grinder
  2113 | D:3      | Paralysed by Grinder for 2 turns
  2131 | D:3      | Killed Grinder
  2131 | D:3      | Reached skill level 10 in Polearms
  2131 | D:3      | Reached XP level 6. HP: 32/44 MP: 4/6
  2525 | D:3      | Found an ancient bone altar of Kikubaaqudgha.
  2590 | D:4      | Reached skill level 11 in Polearms
  2590 | D:4      | Reached XP level 7. HP: 50/50 MP: 7/7
  2925 | D:4      | Found a stormy altar of Qazlal.
  3148 | D:4      | Noticed clownbabyjr's ghost (amateur DsFi)
  3168 | D:4      | Killed clownbabyjr's ghost
  3168 | D:4      | Reached skill level 12 in Polearms
  3168 | D:4      | Reached XP level 8. HP: 30/56 MP: 3/8
  3872 | D:5      | Entered Level 5 of the Dungeon
  3886 | D:5      | Reached skill level 13 in Polearms
  4770 | D:6      | Reached skill level 5 in Fighting
  4886 | D:5      | Reached skill level 14 in Polearms
  5083 | D:6      | Noticed Dowan
  5085 | D:6      | Noticed Duvessa
  5089 | D:6      | Killed Dowan
  5089 | D:6      | Reached XP level 9. HP: 69/69 MP: 9/9
  5121 | D:6      | Killed Duvessa
  5490 | D:6      | Found a staircase to the Ecumenical Temple.
  5571 | Temple   | Entered the Ecumenical Temple
  5677 | Temple   | Became a worshipper of Makhleb the Destroyer
  6221 | D:7      | Reached skill level 15 in Polearms
  6237 | D:7      | Reached * piety under Makhleb
  6808 | D:8      | Learned a level 2 spell: Sticks to Snakes
  7029 | D:8      | Found a sparkling altar of Nemelex Xobeh.
  7074 | D:8      | Found a bloodstained altar of Trog.
  7218 | D:8      | Found a blossoming altar of Fedhas.
  7219 | D:8      | Identified the Disquisition on Vitriolic Enchantment
  7615 | D:9      | Reached skill level 5 in Transmutations
  7615 | D:9      | Reached XP level 10. HP: 80/80 MP: 10/10
  7703 | D:9      | Found a roughly hewn altar of Beogh.
  7703 | D:9      | Found a staircase to the Orcish Mines.
  9180 | D:9      | Reached ** piety under Makhleb
  9275 | D:9      | Reached skill level 10 in Fighting
 10360 | D:10     | Entered Level 10 of the Dungeon
 10745 | D:10     | Reached XP level 11. HP: 80/95 MP: 11/11
 10817 | D:10     | Noticed an obsidian statue
 10899 | D:10     | Found a staircase to the Lair.
 10949 | D:10     | Reached *** piety under Makhleb
 11134 | D:10     | Got a scintillating golden ring
 11495 | D:11     | Found Pisch's Assorted Antiques.
 11507 | D:11     | Bought a cyan potion for 18 gold pieces
 11777 | D:11     | Found a bloodstained altar of Trog.
 11818 | D:11     | Found Opreubuh's Antique Armour Shoppe.
 11884 | D:11     | Bought an embroidered cloak for 150 gold pieces
 11884 | D:11     | Bought a pair of embroidered gloves for 150 gold pieces
 11982 | D:10     | Reached skill level 1 in Invocations
 12103 | D:11     | Found Siekk's Weapon Boutique.
 12120 | D:11     | Found Kuixzimy's Jewellery Emporium.
 12175 | D:12     | Identified the Compendium of Shifting Execration
 12278 | D:12     | Noticed a cyclops
 12286 | D:12     | Killed a cyclops
 12388 | D:12     | Noticed a sun demon
 12396 | D:12     | Noticed a sixfirhy
 12569 | D:11     | Noticed a two-headed ogre
 12585 | D:11     | Killed a two-headed ogre
 12585 | D:11     | Reached skill level 5 in Invocations
 12661 | D:11     | Noticed a manticore
 12814 | D:11     | Noticed a soul eater
 12834 | D:11     | Killed a manticore
 13278 | D:12     | Reached skill level 5 in Dodging
 13627 | D:12     | Learned a level 3 spell: Spectral Weapon
 13822 | D:13     | Noticed a red ugly thing
 13828 | D:13     | Noticed Maurice
 13853 | D:12     | Killed a red ugly thing
 14165 | D:12     | Noticed a death knight
 14228 | D:13     | Killed Maurice
 14536 | D:13     | Noticed a mana viper
 14536 | D:13     | a meliai changed into a mana viper
 14539 | D:13     | Noticed a shining eye
 14539 | D:13     | a mana viper changed into a shining eye
 14556 | D:13     | a shining eye changed into an eye of devastation
 14576 | D:13     | Reached XP level 12. HP: 94/103 MP: 17/17
 14737 | D:11     | Bought a shiny helmet for 150 gold pieces
 14749 | D:11     | Identified the ring of Nameubot {rPois rF+} (You found it on level 10 of the Dungeon)
 14811 | Orc:1    | Entered Level 1 of the Orcish Mines
 14811 | Orc:1    | Noticed Erolcha
 14865 | Orc:1    | Noticed an orc warlord
 14867 | Orc:1    | Noticed a sun demon
 14970 | Orc:1    | Noticed a soul eater
 14989 | Orc:2    | Entered Level 2 of the Orcish Mines
 14995 | Orc:2    | HP: 1/103 [ynoxinul/iron shot[the player character] (7)]
 14997 | Orc:2    | Mangled by a warg

Skill      XL: |  1  2  3  4  5  6  7  8  9 10 11 12 |
---------------+-------------------------------------+-----
Polearms       | 5 6 8 10 11 12 14 15 | 15.3
Fighting       | 5 8 11 12 | 12.8
Transmutations | 5 6 |  6.6
Invocations    | 7 8 |  8.5
Dodging        | 6 7 |  7.5
Throwing       | |  2.0

Action                   |  1- 3 |  4- 6 |  7- 9 | 10-12 || total
-------------------------+-------+-------+-------+-------++-------
Melee: Trident           |    90 |    85 |   512 |   981 ||  1668
Throw: Throwing net      |       |       |     3 |     3 ||     6
Invok: Lesser Servant of |       |       |       |     7 ||     7
Evoke: Wand              |       |       |       |     2 ||     2
  Use: Scroll            |     1 |       |     7 |    14 ||    22
       Potion            |       |       |       |    13 ||    13
 Stab: Invisible         |       |       |       |     8 ||     8
       Held in net/web   |       |       |       |     3 ||     3
       Distracted        |       |       |       |     1 ||     1
  Eat: Meat ration       |     1 |       |       |       ||     1
       Fruit             |       |       |     1 |       ||     1
       Chunk             |       |       |    11 |    19 ||    30
       Bread ration      |       |       |     1 |     2 ||     3
Armor: Leather armour    |    15 |       |       |       ||    15
       Chain mail        |       |    41 |   140 |   316 ||   497
Dodge: Dodged            |    48 |    31 |   127 |   323 ||   529
